[ AOE2 MATCH · #504811431 ]
UnrankedBulgarians vs Burmese
Player's team · LOSS
Rival team · WIN
[ REPLAY ANALYSIS · EXTRACTED FROM THE RECORDED GAME ]
Feudal
9:10
Castle
23:20
Imperial
—
| APM avg | 51.7 |
| APM peak | 88 |
| eAPM avg | 24.1 |
| Villagers / military | 95 / 39 |
Focus
⚔️ 36.3% · 🌾 63.7%
Cavalry Archer ×28 · Skirmisher ×8 · Militia ×3
Feudal
9:00
Castle
21:15
Imperial
—
| APM avg | 49.9 |
| APM peak | 89 |
| eAPM avg | 23.3 |
| Villagers / military | 84 / 39 |
Focus
⚔️ 42.6% · 🌾 57.4%
Cavalry Archer ×24 · Militia ×5 · Skirmisher ×4 · Monk ×3 · Knight ×2 · Archer ×1
Match map
Initial resources + every placement click. Lines = walls · curves = elevation contours. ◆ gold · ⬟ stone · ● berries · ✦ relic · ◌ wall gap
Your base· ✓ Closed at 23:20 · 48t walls · 1 gate(s)
nW | AtilA's base· ✓ Closed at 21:15 · 11t walls · no gate
Smoothed initial terrain · ◌ = detected wall gap · hover for details
Inputs per minute
— [CL] Al3jandr0.magn00 - - nW | AtilA
Build order — [CL] Al3jandr0.magn00
First 150 of 250 actions detected
| 0:01 | Queue | Villager (Male) |
| 0:01 | Queue | Villager (Male) |
| 0:01 | Queue | Villager (Male) |
| 0:02 | Build | House |
| 0:03 | Build | House |
| 0:15 | Queue | Villager (Male) |
| 1:29 | Queue | Villager (Male) |
| 2:01 | Build | Lumber Camp |
| 2:04 | Queue | Villager (Male) |
| 2:04 | Queue | Villager (Male) |
| 2:21 | Queue | Villager (Male) |
| 2:59 | Queue | Villager (Male) |
| 2:59 | Queue | Villager (Male) |
| 3:16 | Queue | Villager (Male) |
| 3:26 | Build | House |
| 3:47 | Queue | Villager (Male) |
| 4:06 | Queue | Villager (Male) |
| 4:31 | Queue | Villager (Male) |
| 4:36 | Queue | Villager (Male) |
| 4:57 | Queue | Villager (Male) |
| 5:10 | Build | Barracks |
| 5:41 | Queue | Villager (Male) |
| 6:11 | Build | House |
| 6:15 | Research | Loom |
| 7:00 | Research | Feudal Age |
| 7:19 | Build | Mill |
| 7:28 | Build | Palisade Wall |
| 7:29 | Build | Palisade Wall |
| 7:30 | Build | Palisade Wall |
| 7:35 | Queue | Militia |
| 7:38 | Build | Palisade Wall |
| 7:43 | Build | Palisade Wall |
| 7:46 | Build | Palisade Wall |
| 7:48 | Build | Palisade Wall |
| 7:54 | Queue | Militia |
| 8:18 | Queue | Militia |
| 8:45 | Queue | Villager (Male) |
| 9:10 | Age | Feudal Age |
| 9:14 | Queue | Villager (Male) |
| 9:17 | Build | Archery Range |
| 9:36 | Queue | Villager (Male) |
| 9:39 | Build | House |
| 10:06 | Queue | Villager (Male) |
| 10:06 | Queue | Villager (Male) |
| 10:12 | Build | Palisade Wall |
| 10:13 | Build | Palisade Wall |
| 10:14 | Build | Palisade Wall |
| 10:15 | Build | House |
| 10:29 | Build | Palisade Wall |
| 10:31 | Build | Palisade Wall |
| 10:33 | Build | Palisade Wall |
| 10:37 | Queue | Villager (Male) |
| 10:37 | Queue | Villager (Male) |
| 10:43 | Queue | Skirmisher |
| 10:50 | Queue | Skirmisher |
| 11:00 | Build | Farm |
| 11:01 | Build | Farm |
| 11:01 | Build | Farm |
| 11:04 | Build | Farm |
| 11:18 | Queue | Skirmisher |
| 11:20 | Queue | Villager (Male) |
| 11:36 | Queue | Skirmisher |
| 11:50 | Build | Palisade Wall |
| 11:53 | Build | Palisade Wall |
| 11:54 | Build | Palisade Wall |
| 12:07 | Build | Palisade Wall |
| 12:17 | Queue | Villager (Male) |
| 12:18 | Queue | Villager (Male) |
| 12:30 | Queue | Villager (Male) |
| 12:30 | Queue | Villager (Male) |
| 12:35 | Build | House |
| 12:58 | Queue | Villager (Male) |
| 13:05 | Queue | Skirmisher |
| 13:10 | Build | Farm |
| 13:14 | Queue | Villager (Male) |
| 13:17 | Build | Palisade Wall |
| 13:21 | Queue | Villager (Male) |
| 13:26 | Build | House |
| 13:28 | Build | Palisade Wall |
| 13:52 | Queue | Villager (Male) |
| 14:02 | Queue | Skirmisher |
| 14:04 | Queue | Villager (Male) |
| 14:11 | Build | House |
| 14:20 | Queue | Villager (Male) |
| 14:26 | Queue | Skirmisher |
| 14:50 | Queue | Villager (Male) |
| 14:56 | Build | Blacksmith |
| 15:01 | Queue | Skirmisher |
| 15:17 | Queue | Villager (Male) |
| 15:30 | Build | House |
| 15:32 | Build | House |
| 15:35 | Build | House |
| 15:40 | Build | House |
| 15:47 | Queue | Villager (Male) |
| 15:48 | Build | Farm |
| 15:49 | Build | Farm |
| 15:49 | Build | Farm |
| 15:49 | Build | Farm |
| 15:59 | Research | Padded Archer Armor |
| 15:59 | Queue | Villager (Male) |
| 15:59 | Queue | Villager (Male) |
| 16:02 | Build | Farm |
| 16:18 | Queue | Villager (Male) |
| 16:20 | Build | Farm |
| 17:00 | Queue | Villager (Male) |
| 17:01 | Build | Mining Camp |
| 17:03 | Build | Mining Camp |
| 17:13 | Queue | Villager (Male) |
| 17:19 | Queue | Villager (Male) |
| 17:28 | Queue | Villager (Male) |
| 17:30 | Build | Farm |
| 17:31 | Build | Farm |
| 17:48 | Queue | Villager (Male) |
| 17:58 | Queue | Villager (Male) |
| 18:11 | Queue | Villager (Male) |
| 18:15 | Queue | Villager (Male) |
| 18:17 | Build | Farm |
| 18:18 | Build | Farm |
| 18:28 | Build | Lumber Camp |
| 18:34 | Queue | Villager (Male) |
| 18:39 | Build | Palisade Gate |
| 19:00 | Build | Farm |
| 19:05 | Build | Palisade Wall |
| 19:23 | Queue | Villager (Male) |
| 19:46 | Build | Farm |
| 19:51 | Research | Double-Bit Axe |
| 19:59 | Build | Archery Range |
| 20:41 | Research | Castle Age |
| 20:46 | Build | Market |
| 21:01 | Build | House |
| 21:03 | Build | House |
| 21:16 | Research | Double-Bit Axe |
| 21:23 | Build | House |
| 21:24 | Build | House |
| 21:26 | Build | House |
| 21:39 | Research | Fletching |
| 21:41 | Build | Farm |
| 21:52 | Build | House |
| 22:06 | Research | Horse Collar |
| 22:27 | Research | Gold Mining |
| 22:37 | Build | Archery Range |
| 22:41 | Build | Farm |
| 22:52 | Queue | Villager (Male) |
| 22:55 | Build | Farm |
| 23:20 | Age | Castle Age |
| 23:22 | Queue | Cavalry Archer |
| 23:22 | Queue | Cavalry Archer |
| 23:22 | Queue | Cavalry Archer |
| 23:24 | Research | Bodkin Arrow |
| 23:27 | Queue | Villager (Male) |
Build order — nW | AtilA
First 150 of 188 actions detected
| 0:00 | Queue | Villager (Male) |
| 0:00 | Queue | Villager (Male) |
| 0:01 | Queue | Villager (Male) |
| 0:01 | Queue | Villager (Male) |
| 0:02 | Build | House |
| 0:04 | Build | House |
| 1:29 | Queue | Villager (Male) |
| 1:29 | Queue | Villager (Male) |
| 2:01 | Queue | Villager (Male) |
| 2:15 | Queue | Villager (Male) |
| 2:24 | Build | Lumber Camp |
| 2:46 | Queue | Villager (Male) |
| 3:06 | Queue | Villager (Male) |
| 3:20 | Queue | Villager (Male) |
| 3:32 | Build | House |
| 3:44 | Queue | Villager (Male) |
| 4:16 | Queue | Villager (Male) |
| 4:52 | Queue | Villager (Male) |
| 4:53 | Queue | Villager (Male) |
| 4:53 | Queue | Villager (Male) |
| 5:02 | Build | House |
| 5:08 | Queue | Villager (Male) |
| 5:11 | Queue | Villager (Male) |
| 5:23 | Queue | Villager (Male) |
| 5:32 | Build | Barracks |
| 6:04 | Queue | Villager (Male) |
| 6:17 | Build | House |
| 6:50 | Research | Feudal Age |
| 6:51 | Research | Feudal Age |
| 7:03 | Queue | Militia |
| 7:03 | Queue | Militia |
| 7:26 | Queue | Militia |
| 7:40 | Queue | Militia |
| 7:40 | Queue | Militia |
| 8:12 | Build | Lumber Camp |
| 9:00 | Age | Feudal Age |
| 9:03 | Research | Man-at-Arms (upgrade) |
| 9:05 | Queue | Villager (Male) |
| 9:22 | Queue | Villager (Male) |
| 9:35 | Build | House |
| 10:06 | Queue | Villager (Male) |
| 10:09 | Build | Mill |
| 10:12 | Build | Archery Range |
| 10:45 | Build | Farm |
| 10:59 | Queue | Villager (Male) |
| 11:02 | Build | Farm |
| 11:04 | Build | Mining Camp |
| 11:11 | Queue | Archer |
| 11:14 | Build | House |
| 11:15 | Build | Palisade Wall |
| 11:50 | Queue | Villager (Male) |
| 11:51 | Queue | Skirmisher |
| 12:26 | Queue | Villager (Male) |
| 12:27 | Queue | Skirmisher |
| 12:46 | Queue | Villager (Male) |
| 12:48 | Build | Farm |
| 12:48 | Build | Farm |
| 12:52 | Queue | Skirmisher |
| 13:01 | Queue | Skirmisher |
| 13:11 | Build | Farm |
| 13:11 | Build | Farm |
| 13:11 | Build | Farm |
| 13:11 | Build | Farm |
| 13:11 | Build | Farm |
| 13:19 | Queue | Villager (Male) |
| 13:51 | Queue | Villager (Male) |
| 14:01 | Queue | Villager (Male) |
| 14:05 | Build | Farm |
| 14:11 | Build | Blacksmith |
| 14:12 | Build | House |
| 14:13 | Build | House |
| 14:24 | Build | Palisade Wall |
| 14:38 | Build | Farm |
| 14:38 | Build | Farm |
| 14:39 | Queue | Villager (Male) |
| 14:42 | Build | Farm |
| 14:46 | Build | House |
| 14:47 | Build | House |
| 15:26 | Build | Farm |
| 15:26 | Build | Farm |
| 15:27 | Queue | Villager (Male) |
| 16:04 | Queue | Villager (Male) |
| 16:06 | Research | Loom |
| 16:08 | Build | House |
| 16:55 | Queue | Villager (Male) |
| 17:02 | Build | Farm |
| 17:04 | Build | House |
| 17:20 | Queue | Villager (Male) |
| 17:21 | Build | Farm |
| 17:34 | Build | House |
| 17:37 | Queue | Villager (Male) |
| 17:42 | Build | House |
| 17:43 | Build | House |
| 17:47 | Queue | Villager (Male) |
| 18:32 | Research | Castle Age |
| 18:32 | Research | Castle Age |
| 18:57 | Build | Lumber Camp |
| 19:02 | Research | Gold Mining |
| 19:23 | Build | Archery Range |
| 19:29 | Research | Horse Collar |
| 19:50 | Research | Fletching |
| 20:09 | Build | Stable |
| 21:15 | Age | Castle Age |
| 21:16 | Queue | Knight |
| 21:17 | Queue | Cavalry Archer ×5 |
| 21:18 | Queue | Villager (Male) |
| 21:28 | Build | Town Center |
| 21:41 | Queue | Villager (Male) |
| 21:45 | Build | Palisade Wall |
| 22:01 | Queue | Cavalry Archer ×4 |
| 22:08 | Queue | Villager (Male) |
| 22:09 | Queue | Villager (Male) |
| 22:25 | Queue | Villager (Male) |
| 22:37 | Research | Bodkin Arrow |
| 22:46 | Queue | Villager (Male) |
| 23:03 | Queue | Villager (Male) |
| 23:08 | Build | Town Center |
| 23:16 | Queue | Villager (Male) |
| 23:21 | Queue | Villager (Male) |
| 23:23 | Queue | Villager (Male) |
| 23:24 | Queue | Villager (Male) |
| 23:25 | Queue | Villager (Male) |
| 23:25 | Queue | Villager (Male) |
| 23:25 | Queue | Villager (Male) |
| 23:29 | Research | Wheelbarrow |
| 23:49 | Queue | Villager (Male) |
| 23:55 | Build | Monastery |
| 24:16 | Queue | Cavalry Archer ×3 |
| 24:17 | Queue | Villager (Male) |
| 24:42 | Build | Farm |
| 24:42 | Build | Farm |
| 24:42 | Build | Farm |
| 24:45 | Queue | Monk |
| 25:14 | Queue | Villager (Male) |
| 25:15 | Queue | Villager (Male) |
| 25:17 | Queue | Villager (Male) |
| 25:20 | Build | University |
| 25:22 | Queue | Monk |
| 25:29 | Research | Husbandry |
| 25:29 | Research | Husbandry |
| 25:32 | Research | Padded Archer Armor |
| 25:32 | Queue | Villager (Male) |
| 25:33 | Queue | Cavalry Archer |
| 25:35 | Queue | Villager (Male) |
| 25:36 | Queue | Villager (Male) |
| 25:37 | Queue | Villager (Male) |
| 25:40 | Queue | Villager (Male) ×4 |
| 25:47 | Research | Hand Cart |
| 25:47 | Research | Hand Cart |
| 26:13 | Queue | Villager (Male) |
Match timeline
| 5:10 | [CL] Al3jandr0.magn00 · first_building Barracks |
| 5:32 | nW | AtilA · first_building Barracks |
| 7:28 | [CL] Al3jandr0.magn00 · wall_segment Palisade Wall x1 |
| 7:29 | [CL] Al3jandr0.magn00 · wall_segment Palisade Wall x1 |
| 7:30 | [CL] Al3jandr0.magn00 · wall_segment Palisade Wall x1 |
| 7:38 | [CL] Al3jandr0.magn00 · wall_segment Palisade Wall x1 |
| 7:43 | [CL] Al3jandr0.magn00 · wall_segment Palisade Wall x3 |
| 7:46 | [CL] Al3jandr0.magn00 · wall_segment Palisade Wall x3 |
| 7:48 | [CL] Al3jandr0.magn00 · wall_segment Palisade Wall x4 |
| 9:00 | nW | AtilA · age_up feudal |
| 9:10 | [CL] Al3jandr0.magn00 · age_up feudal |
| 9:17 | [CL] Al3jandr0.magn00 · first_building Archery Range |
| 10:12 | [CL] Al3jandr0.magn00 · wall_segment Palisade Wall x1 |
| 10:12 | nW | AtilA · first_building Archery Range |
| 10:13 | [CL] Al3jandr0.magn00 · wall_segment Palisade Wall x1 |
| 10:14 | [CL] Al3jandr0.magn00 · wall_segment Palisade Wall x1 |
| 10:29 | [CL] Al3jandr0.magn00 · wall_segment Palisade Wall x1 |
| 10:31 | [CL] Al3jandr0.magn00 · wall_segment Palisade Wall x1 |
| 10:33 | [CL] Al3jandr0.magn00 · wall_segment Palisade Wall x1 |
| 11:15 | nW | AtilA · wall_segment Palisade Wall x2 |
| 11:50 | [CL] Al3jandr0.magn00 · wall_segment Palisade Wall x1 |
| 11:53 | [CL] Al3jandr0.magn00 · wall_segment Palisade Wall x1 |
| 11:54 | [CL] Al3jandr0.magn00 · wall_segment Palisade Wall x1 |
| 12:07 | [CL] Al3jandr0.magn00 · wall_segment Palisade Wall x1 |
| 13:17 | [CL] Al3jandr0.magn00 · wall_segment Palisade Wall x14 |
| 13:28 | [CL] Al3jandr0.magn00 · wall_segment Palisade Wall x8 |
| 14:24 | nW | AtilA · wall_segment Palisade Wall x9 |
| 19:05 | [CL] Al3jandr0.magn00 · wall_segment Palisade Wall x2 |
| 20:09 | nW | AtilA · first_building Stable |
| 21:15 | nW | AtilA · age_up castle |
| 21:45 | nW | AtilA · wall_segment Palisade Wall x1 |
| 23:01 | [CL] Al3jandr0.magn00 · first_market_buy 100 food |
| 23:20 | [CL] Al3jandr0.magn00 · age_up castle |
| 23:55 | nW | AtilA · first_building Monastery |
| 25:16 | [CL] Al3jandr0.magn00 · first_building Stable |
| 26:23 | nW | AtilA · wall_segment Palisade Wall x2 |
| 26:58 | [CL] Al3jandr0.magn00 · first_market_sell 100 stone |
| 29:31 | [CL] Al3jandr0.magn00 · first_building Krepost |
| 30:32 | nW | AtilA · first_building Siege Workshop |
| 30:41 | [CL] Al3jandr0.magn00 · resign |
[ AI ANALYSIS · 1 CREDIT ]
What really happened in this match?
Wolo.gg analyzes every decision: build order, eco, micro, common mistakes by bracket. Personalized analysis on WhatsApp or Discord in 30 seconds.
Civ guide
Bulgarians
Perfil
Jugador #5571038